details: 'orcisbroken'

« prev index next »

General information

Mini Map

Players

team 1
Random» UndeadEureKa1 (purple | 243 APM | 3528 actions | 14:30)
Hero icon 2 Death Knight
Ability icon 1 Death Coil
Ability icon 1 Unholy Aura
Hero icon 1 Lich
Ability icon 1 Frost Nova

» actions
Assign group hotkey29
Basic commands14
Build / train48
ESC pressed4
Enter build submenu13
Enter hero's abilities submenu3
Give item / drop item2
Right click1316
Select / deselect350
Select group hotkey1695
Use ability53
3528 total
» units
Acolyte2
Ghoul13
Obsidian Statue2
Meatwagon5
Crypt Fiend5
27 total
» upgrades
Unholy Strength1
Cannibalize1
Web1
Exhume Corpses1
Unholy Armor1
5 total
» buildings
Crypt1
Altar of Darkness1
Ziggurat5
Tomb of Relics1
Nerubian Tower3
Halls of the Dead2
Graveyard1
Slaughterhouse1
15 total
» build order
00:06 Crypt
00:21 Altar of Darkness
00:36 Ziggurat
00:57 Tomb of Relics
01:42 Ziggurat
01:52 Nerubian Tower
01:52 Nerubian Tower
01:53 Nerubian Tower
03:11 Halls of the Dead
03:11 Halls of the Dead
03:33 Graveyard
04:19 Ziggurat
05:33 Slaughterhouse
06:55 Ziggurat
08:53 Ziggurat
» items
Dust of Appearance2
Rod of Necromancy2
4 total
team 2
Orcdkdhk09 (teal | 190 APM | 2764 actions | 14:30)
Hero icon 2 Blademaster
Ability icon 1 Wind Walk
Ability icon 1 Critical Strike
Hero icon 4 Tauren Chieftain
Ability icon 2 War Stomp
Ability icon 2 Endurance Aura

» actions
Assign group hotkey24
Basic commands434
Build / train98
Enter build submenu12
Enter hero's abilities submenu6
Give item / drop item3
Right click500
Select / deselect293
Select group hotkey1265
Use ability129
2764 total
» units
Peon16
Wind Rider8
Kodo Beast1
25 total
» upgrades
Ranged Weapons3
Envenomed Spears1
War Drums Damage Increase1
Reinforced Defenses1
Armor1
7 total
» buildings
Altar of Storms1
Orc Burrow6
Voodoo Lounge1
Stronghold5
War Mill2
Beastiary2
Fortress6
23 total
» build order
00:08 Altar of Storms
00:18 Orc Burrow
00:48 Voodoo Lounge
01:18 Orc Burrow
02:14 Stronghold
02:15 Stronghold
02:15 Stronghold
02:15 Stronghold
02:34 War Mill
03:06 Orc Burrow
04:40 Beastiary
04:42 Beastiary
05:05 Orc Burrow
07:23 Fortress
07:24 Fortress
07:24 Fortress
07:24 Fortress
08:22 Orc Burrow
12:00 War Mill
12:04 Orc Burrow
» items
Healing Salve7
Boots of Speed1
Lesser Clarity Potion2
Scroll of Speed2
Orb of Lightning1
Potion of Mana1
14 total